DBL
CHARLOTTE KNIGHTS @ BOSTON RED SOX
05/25/1997
 
TOP OF THE 1ST
Charlotte Knights batting - Pitching for Boston Red Sox : RHP Eric Plunk
Pitching: RHP Eric Plunk
Batting: SHB Orlando Merced 0-0: Called Strike
0-1: Foul Ball, location: 2F
0-2: Ball
1-2: Ball
2-2: Fly out, F9 (Line Drive, 9D, EV 94.4 MPH)
Batting: LHB Jason Giambi 0-0: Ball
1-0: Ball
2-0: Foul Ball, location: 2F
2-1: Ball
3-1: Called Strike
3-2: Base on Balls
Batting: SHB Carl Everett 0-0: Ball
1-0: Ball
2-0: Ball
3-0: Called Strike
3-1: Base on Balls
Jason Giambi to second
Batting: RHB Nomar Garciaparra 0-0: Swinging Strike
0-1: Ball
1-1: Fielders Choice at 2nd, 4-6 (Groundball, 4, EV 82.5 MPH)
Jason Giambi to third
Batting: RHB Shane Mack 0-0: Called Strike
0-1: Called Strike
0-2: Ball
1-2: Foul Ball, location: 2F
1-2: Strikes out swinging
Top of the 1st over - 0 runs, 0 hits, 0 errors, 2 left on base; Charlotte 0 - Boston 0
BOTTOM OF THE 1ST
Boston Red Sox batting - Pitching for Charlotte Knights : RHP Erik Hanson
Pitching: RHP Erik Hanson
Batting: RHB Edgar Renteria 0-0: Swinging Strike
0-1: SINGLE (Groundball, 4MD, EV 93.8 MPH)
Batting: LHB Todd Hollandsworth 0-0: Ball
1-0: Ball
2-0: Called Strike
2-1: Ball
3-1: Base on Balls
Edgar Renteria to second
Batting: LHB Barry Bonds 0-0: Foul Ball, location: 2F
0-1: Fly out, F7 (Line Drive, 7S, EV 98.1 MPH)
Batting: LHB David Ortiz 0-0: Ball
Edgar Renteria steals 3rd base
Todd Hollandsworth to second
1-0: Ball
2-0: Fly out, F8 (Flyball, 8LD, EV 95.6 MPH)
Runner from 3rd tags up, SCORES, no throw by CF
Batting: RHB Danny Tartabull 0-0: Ball
1-0: Swinging Strike
1-1: Ball
2-1: Called Strike
2-2: Foul Ball, location: 2F
2-2: Foul Ball, location: 2F
2-2: Fly out, F9 (Flyball, 9LSF, EV 81.3 MPH)
Bottom of the 1st over - 1 run, 1 hit, 0 errors, 1 left on base; Charlotte 0 - Boston 1
TOP OF THE 2ND
Charlotte Knights batting - Pitching for Boston Red Sox : RHP Eric Plunk
Batting: RHB Chuck Knoblauch 0-0: Ball
1-0: Called Strike
1-1: Ground out U3 (Groundball, 3, EV 85.6 MPH)
Batting: RHB Mark Carreon 0-0: Called Strike
0-1: Ball
1-1: Ball
2-1: SINGLE (Flyball, 89M, EV 92.5 MPH)
Batting: RHB Tony Batista 0-0: Fly out, F9 (Flyball, 9S, EV 91.3 MPH)
Batting: RHB Todd Zeile 0-0: Called Strike
0-1: Ball
1-1: Ball
2-1: SINGLE (Line Drive, 7LS, EV 88.8 MPH)
Mark Carreon to second
Batting: SHB Orlando Merced 0-0: Ball
1-0: Ball
2-0: Called Strike
2-1: Ball
3-1: Swinging Strike
3-2: Foul Ball, location: 2F
3-2: Foul Ball, location: 2F
3-2: Foul Ball, location: 2F
3-2: Ground out 3-1 (Groundball, 34, EV 88.8 MPH)
Top of the 2nd over - 0 runs, 2 hits, 0 errors, 2 left on base; Charlotte 0 - Boston 1
BOTTOM OF THE 2ND
Boston Red Sox batting - Pitching for Charlotte Knights : RHP Erik Hanson
Batting: RHB Akira Eto 0-0: Called Strike
0-1: Ball
1-1: Ball
2-1: Called Strike
2-2: Fly out, F9 (Flyball, 9, EV 82.5 MPH)
Batting: RHB Mike Cameron 0-0: Fly out, F8 (Flyball, 89S, EV 90.0 MPH)
Batting: RHB Scott Fletcher 0-0: Called Strike
0-1: Ground out 4-3 (Groundball, 4M, EV 88.1 MPH)
Bottom of the 2nd over - 0 runs, 0 hits, 0 errors, 0 left on base; Charlotte 0 - Boston 1
TOP OF THE 3RD
Charlotte Knights batting - Pitching for Boston Red Sox : RHP Eric Plunk
Batting: LHB Jason Giambi 0-0: Swinging Strike
0-1: Called Strike
0-2: Ball
1-2: Ball
2-2: Ball
3-2: Fly out, F8 (Flyball, 8RD, EV 94.4 MPH)
Batting: SHB Carl Everett 0-0: Called Strike
0-1: DOUBLE (Line Drive, 9LM, EV 107.5 MPH)
Batting: RHB Nomar Garciaparra 0-0: Swinging Strike
0-1: Ball
1-1: Swinging Strike
1-2: Ball
2-2: Fly out, F7 (Line Drive, 7, EV 93.8 MPH)
Runner from 2nd tags up, SAFE at 3rd with throw by LF
Batting: RHB Shane Mack 0-0: Ball
1-0: Called Strike
1-1: Called Strike
1-2: Ball
2-2: Strikes out swinging
Top of the 3rd over - 0 runs, 1 hit, 0 errors, 1 left on base; Charlotte 0 - Boston 1
BOTTOM OF THE 3RD
Boston Red Sox batting - Pitching for Charlotte Knights : RHP Erik Hanson
Batting: RHB Erik Pappas 0-0: Ball
1-0: Ball
2-0: Ball
3-0: Called Strike
3-1: Foul Ball, location: 2F
3-2: Ground out 6-3 (Groundball, 6, EV 84.4 MPH)
Batting: RHB Edgar Renteria 0-0: Ball
1-0: Ball
2-0: Ball
3-0: Base on Balls
Batting: LHB Todd Hollandsworth 0-0: Called Strike
Edgar Renteria steals 2nd base
0-1: Ball
1-1: Ball
2-1: Called Strike
2-2: Ball
3-2: Strikes out swinging
Batting: LHB Barry Bonds 0-0: Foul Ball, location: 2F
0-1: Foul Ball, location: 2F
0-2: Ball
1-2: Ball
2-2: Ball
3-2: Ground out 6-3 (Groundball, 56, EV 103.8 MPH)
Bottom of the 3rd over - 0 runs, 0 hits, 0 errors, 1 left on base; Charlotte 0 - Boston 1
TOP OF THE 4TH
Charlotte Knights batting - Pitching for Boston Red Sox : RHP Eric Plunk
Batting: RHB Chuck Knoblauch 0-0: Called Strike
0-1: Swinging Strike
0-2: Ball
1-2: Ground out 4-3 (Groundball, 4MS, EV 80.0 MPH)
Batting: RHB Mark Carreon 0-0: Called Strike
0-1: Ball
1-1: Ball
2-1: Ball
3-1: Foul Ball, location: 2F
3-2: Ground out U3 (Groundball, 3, EV 110.0 MPH)
Batting: RHB Tony Batista 0-0: Called Strike
0-1: SINGLE (Line Drive, 6MD, EV 96.9 MPH)
Batting: RHB Todd Zeile 0-0: Ball
1-0: Ball
Balk!
Tony Batista to second
2-0: Called Strike
2-1: SINGLE (Line Drive, 89S, EV 94.4 MPH)
Tony Batista to third
Runner from 3rd tries for Home, SAFE, throw by CF to home
Todd Zeile to second
Batting: SHB Orlando Merced 0-0: Ground out U3 (Groundball, 3, EV 81.9 MPH)
Top of the 4th over - 1 run, 2 hits, 0 errors, 1 left on base; Charlotte 1 - Boston 1
BOTTOM OF THE 4TH
Boston Red Sox batting - Pitching for Charlotte Knights : RHP Erik Hanson
Batting: LHB David Ortiz 0-0: Called Strike
0-1: Swinging Strike
0-2: Ground out 1-3 (Groundball, 15S, EV 66.9 MPH)
Batting: RHB Danny Tartabull 0-0: Ball
1-0: Swinging Strike
1-1: Ball
2-1: Ground out 5-3 (Groundball, 56S, EV 92.5 MPH)
Batting: RHB Akira Eto 0-0: Ball
1-0: Fly out, F3 (Popup, 3S, EV 74.4 MPH)
Bottom of the 4th over - 0 runs, 0 hits, 0 errors, 0 left on base; Charlotte 1 - Boston 1
TOP OF THE 5TH
Charlotte Knights batting - Pitching for Boston Red Sox : RHP Eric Plunk
Batting: LHB Jason Giambi 0-0: Ball
1-0: Ball
2-0: Foul Ball, location: 2F
2-1: Called Strike
2-2: Foul Ball, location: 2F
2-2: Ball
3-2: Foul Ball, location: 2F
3-2: Base on Balls
Batting: SHB Carl Everett 0-0: Called Strike
0-1: DOUBLE (Line Drive, 78M, EV 99.4 MPH)
Jason Giambi to third
Batting: RHB Nomar Garciaparra 0-0: Foul Ball, location: 2F
0-1: SINGLE (Flyball, 3D, EV 94.4 MPH)
Jason Giambi scores
Carl Everett to third
Runner from 3rd tries for Home, SAFE, throw by RF to home
Batting: RHB Shane Mack 0-0: Ball
1-0: Sac Bunt to 13 - play at first, batter OUT! 1-4
Nomar Garciaparra to second
Batting: RHB Chuck Knoblauch 0-0: Foul Ball, location: 2F
0-1: Ball
1-1: Foul Ball, location: 2F
1-2: Ball
2-2: Foul Ball, location: 2F
2-2: SINGLE (Flyball, 34D, EV 91.3 MPH)
Nomar Garciaparra to third
Pitching: LHP Rosario Rodriguez
Batting: RHB Mark Carreon 0-0: Ball
1-0: SINGLE (Line Drive, 8RS, EV 96.9 MPH)
Nomar Garciaparra scores
Chuck Knoblauch to second
Runner from 2nd tries for 3rd, SAFE, no throw by RF
Batting: RHB Tony Batista 0-0: Ball
1-0: Called Strike
1-1: Swinging Strike
1-2: Ball
2-2: DOUBLE (Flyball, 8RXD, EV 95.6 MPH)
Chuck Knoblauch scores
Mark Carreon to third
Batting: RHB Todd Zeile 0-0: Called Strike
0-1: Swinging Strike
0-2: Strikes out swinging
Batting: SHB Orlando Merced 0-0: Ground out 1-3 (Groundball, 34S, EV 93.8 MPH)
Top of the 5th over - 4 runs, 5 hits, 0 errors, 2 left on base; Charlotte 5 - Boston 1
BOTTOM OF THE 5TH
Boston Red Sox batting - Pitching for Charlotte Knights : RHP Erik Hanson
Batting: RHB Mike Cameron 0-0: Fly out, F8 (Flyball, 78XD, EV 80.0 MPH)
Batting: RHB Scott Fletcher 0-0: Swinging Strike
0-1: Ball
1-1: Ball
2-1: Ball
3-1: SINGLE (Groundball, 4MD, EV 100.0 MPH)
Batting: RHB Erik Pappas 0-0: DOUBLE (Flyball, 8LXD, EV 103.1 MPH)
Scott Fletcher to third
Batting: RHB Edgar Renteria 0-0: Ball
1-0: Fly out, F7 (Flyball, 7D, EV 93.1 MPH)
Runner from 3rd tags up, OUT at HOME! 7-2
Bottom of the 5th over - 0 runs, 2 hits, 0 errors, 1 left on base; Charlotte 5 - Boston 1
TOP OF THE 6TH
Charlotte Knights batting - Pitching for Boston Red Sox : LHP Rosario Rodriguez
Batting: LHB Jason Giambi 0-0: Ball
1-0: Called Strike
1-1: Foul Ball, location: 2F
1-2: Strikes out swinging, 2-3 out at first.
Batting: SHB Carl Everett 0-0: Called Strike
0-1: Ball
1-1: Ball
2-1: Ball
3-1: Foul Ball, location: 2F
3-2: Base on Balls
Batting: RHB Nomar Garciaparra 0-0: Ball
1-0: Ball
2-0: Ball
3-0: Called Strike
3-1: Foul Ball, location: 2F
3-2: Base on Balls
Carl Everett to second
Pitching: RHP Doug Bochtler
Batting: RHB Shane Mack 0-0: Ball
1-0: Called Strike
1-1: Swinging Strike
1-2: Ball
2-2: Strikes out swinging
Batting: RHB Chuck Knoblauch 0-0: Ball
1-0: Called Strike
1-1: Foul Ball, location: 2F
1-2: Strikes out swinging
Top of the 6th over - 0 runs, 0 hits, 0 errors, 2 left on base; Charlotte 5 - Boston 1
BOTTOM OF THE 6TH
Boston Red Sox batting - Pitching for Charlotte Knights : RHP Erik Hanson
Batting: LHB Todd Hollandsworth 0-0: Ball
1-0: Ball
2-0: Ball
3-0: Called Strike
3-1: Ground out 4-3 (Groundball, 4, EV 85.6 MPH)
Batting: LHB Barry Bonds 0-0: Foul Ball, location: 2F
0-1: Foul Ball, location: 2F
0-2: Foul Ball, location: 2F
0-2: Ball
1-2: Ball
2-2: Ball
3-2: Ground out 4-3 (Groundball, 4, EV 108.1 MPH)
Batting: LHB David Ortiz 0-0: Ball
1-0: Swinging Strike
1-1: DOUBLE (Line Drive, 7LM, EV 111.9 MPH)
Pitching: RHP Jeff E. Gray
Batting: RHB Danny Tartabull 0-0: Ball
1-0: Called Strike
1-1: Ball
2-1: Foul Ball, location: 2F
2-2: Ground out 1-3 (Groundball, P, EV 84.4 MPH)
Bottom of the 6th over - 0 runs, 1 hit, 0 errors, 1 left on base; Charlotte 5 - Boston 1
TOP OF THE 7TH
Charlotte Knights batting - Pitching for Boston Red Sox : RHP Doug Bochtler
Batting: RHB Mark Carreon 0-0: Ball
1-0: Called Strike
1-1: Called Strike
1-2: SINGLE (Groundball, 6MD, EV 94.4 MPH)
Pitching: RHP Roberto Hernandez
Batting: RHB Tony Batista 0-0: Foul Ball, location: 2F
0-1: Ball
1-1: Swinging Strike
1-2: Fly out, F8 (Line Drive, 8LD, EV 98.8 MPH)
Batting: RHB Todd Zeile 0-0: SINGLE (Line Drive, 8RS, EV 101.9 MPH)
Mark Carreon to second
Batting: SHB Orlando Merced 0-0: Ball
1-0: Swinging Strike
1-1: Swinging Strike
1-2: Foul Ball, location: 2F
1-2: Strikes out swinging
Batting: LHB Jason Giambi 0-0: Called Strike
0-1: Ball
1-1: Ball
2-1: Called Strike
2-2: Foul Ball, location: 2F
2-2: Foul Ball, location: 2F
2-2: Foul Ball, location: 2F
2-2: Ball
3-2: Fly out, F7 (Line Drive, 7, EV 92.5 MPH)
Top of the 7th over - 0 runs, 2 hits, 0 errors, 2 left on base; Charlotte 5 - Boston 1
BOTTOM OF THE 7TH
Boston Red Sox batting - Pitching for Charlotte Knights : RHP Jeff E. Gray
Batting: RHB Akira Eto 0-0: Foul Ball, location: 2F
0-1: Foul Ball, location: 2F
0-2: Ball
1-2: Fly out, F9 (Flyball, 9, EV 78.8 MPH)
Batting: RHB Mike Cameron 0-0: Ball
1-0: Foul Ball, location: 2F
1-1: Swinging Strike
1-2: Fly out, F8 (Line Drive, 8RD, EV 89.4 MPH)
Batting: RHB Scott Fletcher 0-0: Called Strike
0-1: Ball
1-1: Called Strike
1-2: Fly out, F7 (Flyball, 7, EV 90.0 MPH)
Bottom of the 7th over - 0 runs, 0 hits, 0 errors, 0 left on base; Charlotte 5 - Boston 1
TOP OF THE 8TH
Charlotte Knights batting - Pitching for Boston Red Sox : RHP Roberto Hernandez
Batting: SHB Carl Everett 0-0: Foul Ball, location: 2F
0-1: Ball
1-1: SINGLE (Line Drive, 8LS, EV 93.1 MPH)
Pitching: RHP Joe Borowski
Batting: RHB Nomar Garciaparra 0-0: Ball
1-0: Called Strike
1-1: Ball
2-1: Swinging Strike
2-2: DOUBLE (Line Drive, 89D, EV 103.8 MPH)
Carl Everett to third
Batting: RHB Shane Mack 0-0: Ball
1-0: Ball
2-0: Called Strike
2-1: Ball
3-1: Base on Balls
Batting: RHB Chuck Knoblauch 0-0: Called Strike
0-1: Called Strike
0-2: Foul Ball, location: 2F
0-2: Foul Ball, location: 2F
0-2: Foul Ball, location: 2F
0-2: Grounds into double play, 6-4-3 (Groundball, 56, EV 88.1 MPH)
Carl Everett scores
Nomar Garciaparra to third
Batting: RHB Mark Carreon 0-0: Ground out 5-3 (Groundball, 5, EV 103.8 MPH)
Top of the 8th over - 1 run, 2 hits, 0 errors, 1 left on base; Charlotte 6 - Boston 1
BOTTOM OF THE 8TH
Boston Red Sox batting - Pitching for Charlotte Knights : RHP Jeff E. Gray
Batting: RHB Erik Pappas 0-0: Ball
1-0: Foul Ball, location: 2F
1-1: Ball
2-1: Ball
3-1: Base on Balls
Batting: RHB Edgar Renteria 0-0: Ground out U3 (Groundball, 34S, EV 86.9 MPH)
Erik Pappas to second
Batting: LHB Todd Hollandsworth 0-0: Ball
1-0: Foul Ball, location: 2F
1-1: Ball
2-1: Ball
3-1: Foul Ball, location: 2F
3-2: Strikes out swinging
Batting: LHB Barry Bonds 0-0: Foul Ball, location: 2F
0-1: Fly out, F9 (Flyball, 9LM, EV 91.9 MPH)
Bottom of the 8th over - 0 runs, 0 hits, 0 errors, 1 left on base; Charlotte 6 - Boston 1
TOP OF THE 9TH
Charlotte Knights batting - Pitching for Boston Red Sox : RHP Joe Borowski
Batting: RHB Tony Batista 0-0: Foul Ball, location: 2F
0-1: Ball
1-1: Ground out 1-3 (Groundball, 34S, EV 88.8 MPH)
Batting: RHB Todd Zeile 0-0: Called Strike
0-1: Foul Ball, location: 2F
0-2: Fly out, F8 (Flyball, 8RXD, EV 100.0 MPH)
Batting: SHB Orlando Merced 0-0: Ball
1-0: Swinging Strike
1-1: Foul Ball, location: 2F
1-2: Strikes out swinging
Top of the 9th over - 0 runs, 0 hits, 0 errors, 0 left on base; Charlotte 6 - Boston 1
BOTTOM OF THE 9TH
Boston Red Sox batting - Pitching for Charlotte Knights : RHP Jeff E. Gray
Batting: LHB David Ortiz 0-0: Called Strike
0-1: Fly out, F7 (Flyball, 7D, EV 101.9 MPH)
Batting: RHB Danny Tartabull 0-0: Called Strike
0-1: Foul Ball, location: 2F
0-2: Ball
1-2: Foul Ball, location: 2F
1-2: SINGLE (Line Drive, 7S, EV 104.4 MPH)
Pitching: RHP Jose J. Bautista
Batting: RHB Akira Eto 0-0: Swinging Strike
0-1: Swinging Strike
0-2: Ball
1-2: Strikes out looking
Batting: RHB Mike Cameron 0-0: Ball
1-0: Called Strike
1-1: DOUBLE (Groundball, 5L, EV 110.6 MPH)
Danny Tartabull to third
Batting: RHB Scott Fletcher 0-0: Foul Ball, location: 2F
0-1: Ball
1-1: Fly out, F5 (Popup, 5SF, EV 66.3 MPH)
Bottom of the 9th over - 0 runs, 2 hits, 0 errors, 2 left on base; Charlotte 6 - Boston 1
Friday, February 13th, 2026 - OOTP Baseball 20.8 Build 74